 Dungeon Crawl Stone Soup version 0.18-a0-19-g8b99b3a (webtiles) character file.

1450 l0ser140 the Jinx (level 9, -3/50 HPs)
             Began as a Kobold Enchanter on Nov 1, 2015.
             Killed from afar by a wight (6 damage)
             ... with a wand of magic darts
             ... on level 6 of the Dungeon.
             The game lasted 00:24:21 (7392 turns).

l0ser140 the Jinx (Kobold Enchanter)                Turns: 7392, Time: 00:24:21

Health: -3/50      AC:  4    Str:  6    XL:     9   Next: 4%
Magic:  12/12      EV: 21    Int: 13    God:
Gold:   162        SH:  0    Dex: 20    Spells: 3 memorised, 6 levels left

rFire  . . .     SeeInvis .     r - +4 dagger
rCold  . . .     Clarity  .     b - +1 robe
rNeg   + . .     SustAt   .     (shield restricted)
rPois  .         Gourm    .     (no helmet)
rElec  .         Spirit   .     t - +0 cloak
rCorr  .         Warding  +     (no gloves)
rMut   .         Stasis   .     (no boots)
MR     .....                    D - amulet of warding
Stlth  +++.......               (no ring)
                                a - ring of flight

@: not resistant to hostile enchantments, fairly stealthy
A: carnivore 3
a: Evoke Flight


You were on level 6 of the Dungeon.
You were not hungry.

You visited 1 branch of the dungeon, and saw 6 of its levels.
You also visited: Ossuary.

You collected 162 gold pieces.

Inventory:

Hand Weapons
 q - a +1 dagger of draining
   (You took it off a goblin on level 2 of the Dungeon)
 r - a +4 dagger (weapon)
Missiles
 s - a throwing net (quivered)
Armour
 b - a +1 robe (worn)
 t - a +0 cloak (worn)
 E - a +0 helmet
 H - a +0 pair of gloves
Jewellery
 a - a ring of flight (left hand)
   (You found it on level 3 of the Dungeon)
 x - an uncursed amulet of resist mutation
   (You found it on level 3 of the Dungeon)
 D - an amulet of warding (around neck)
   (You found it in an ossuary)
 F - a +2 ring of evasion {unknown}
   (You found it on level 4 of the Dungeon)
Scrolls
 g - 2 scrolls of remove curse {unknown}
 h - a scroll of enchant armour {unknown}
 i - a scroll of blinking {unknown}
 j - 2 scrolls of teleportation {unknown}
 l - 2 scrolls of magic mapping {unknown}
 n - 2 scrolls of fear {unknown}
 u - 6 scrolls of identify {unknown}
 v - a scroll of noise {unknown}
 w - a scroll of random uselessness {unknown}
 y - a scroll of amnesia {unknown}
 C - a scroll of enchant weapon {unknown}
Potions
 e - 5 potions of might {unknown}
 f - a potion of brilliance
 k - a potion of magic
 m - 2 potions of heal wounds
 o - a potion of poison {unknown}
 p - 2 potions of curing
 z - a potion of agility {unknown}
 A - a potion of haste {unknown}
 B - a potion of ambrosia {unknown}
 I - a potion of lignification {unknown}
Books
 c - a book of Maledictions

   Spells                             Type                      Level
   a - Corona                         Hexes                        1
   b - Ensorcelled Hibernation        Hexes/Ice                    2
   c - Confuse                        Hexes                        3
   d - Tukima's Dance                 Hexes                        3
   e - Dazzling Spray                 Conjuration/Hexes            3
 G - a book of Spatial Translocations

   Spells                             Type                      Level
   a - Apportation                    Translocation                1
   b - Blink                          Translocation                2
   c - Shroud of Golubria             Charms/Translocation         2
   d - Portal Projectile              Translocation                3
   e - Teleport Other                 Translocation                3
   f - Passage of Golubria            Translocation                4
Comestibles
 d - 3 meat rations
 J - a slice of pizza


   Skills:
 - Level 3.1 Fighting
 - Level 1.3 Short Blades
 + Level 7.1 Dodging
 - Level 4.0 Stealth
 - Level 2.0 Spellcasting
 + Level 8.8 Hexes
 - Level 1.2 Ice Magic


You had 6 spell levels left.
You knew the following spells:

 Your Spells              Type           Power        Failure   Level  Hunger
a - Ensorcelled Hibernat  Hex/Ice        ##....       6%          2    ###....
s - Confuse               Hex            ###.....     1%          3    ####...
y - Corona                Hex            ###....      1%          1    ##.....


Dungeon Overview and Level Annotations

Branches:
Dungeon (6/15)
 Temple: D:4-7

Altars:
Fedhas
Kikubaaqudgha
Qazlal
Trog


Innate Abilities, Weirdness & Mutations

You are small and have problems with some larger weapons.
You are carnivorous and can eat meat at any time.


Message History

The wight closely misses you.
Items here: && )))) [[ You barely miss the shadow imp.
The shadow imp completely misses you.
You hit the shadow imp.
The shadow imp is moderately wounded.
The orc priest looks braver for a moment.
The shadow imp gestures at you. Pain shoots through your body!
Damage: -2%(-1hp) hp: 68%(34hp)
You barely miss the shadow imp.
The shadow imp is moderately wounded.
The shadow imp closely misses you.
You hit the shadow imp.
The shadow imp is heavily wounded.
The orc priest looks braver for a moment.
The shadow imp barely misses you.
You hit the shadow imp.
The shadow imp is severely wounded.
The shadow imp completely misses you.
You closely miss the shadow imp.
The shadow imp is severely wounded.
The shadow imp completely misses you.
You hit the shadow imp but do no damage.
The shadow imp is severely wounded.
The shadow imp hits you.
Damage: -8%(-4hp) hp: 62%(31hp)
You hit the shadow imp.
The shadow imp is almost dead.
You hit the shadow imp.
The shadow imp is almost dead.
The shadow imp misses you.
You hit the shadow imp but do no damage.
The shadow imp is almost dead.
The shadow imp misses you.
You hit the shadow imp.
You kill the shadow imp!
The wight zaps a wand.
The magic dart hits you!
Huge Dmg: -16%(-8hp) hp: 48%(24hp)
The wight zaps a wand.
The magic dart hits you!
* * * LOW HITPOINT WARNING * * *
The orc priest miscasts a cantrip.
Huge Dmg: -22%(-11hp) hp: 26%(13hp)
The wight zaps a wand.
The magic dart hits you!
* * * LOW HITPOINT WARNING * * *
Damage: -4%(-2hp) hp: 22%(11hp)
The wight zaps a wand.
The magic dart hits you!
* * * LOW HITPOINT WARNING * * *
Huge Dmg: -16%(-8hp) hp: 6%(3hp)
The wight zaps a wand.
The magic dart hits you!
You die...

#####
###############...############
................K.....zoo....#
.###......#...#.......######.#
#......#...###.....######)#
#......#...# #.....#....#z####
#..........# #.....#....o♫o...
######.....###.....#..........
####.......#.........#...%......
...........+.........+....#'####
###....####.......###....#.####


You could see a wight and an orc.

Vanquished Creatures
  Grinder (D:4)
  A centaur (D:4)
  8 scorpions (Ossuary)
  3 wights (D:6)
  A crimson imp (D:6)
  A jelly (D:4)
  A centaur zombie (Ossuary)
  3 human zombies (Ossuary)
  2 giant frog skeletons (D:4 D:5)
  3 hounds (D:4)
  An orc wizard (D:6)
  2 big kobold zombies (Ossuary)
  3 mummies (Ossuary)
  Robin (D:4)
  4 gnolls (D:3)
  3 adders (D:2 D:4)
  4 scorpion zombies (Ossuary)
  A shadow imp (D:6)
  An ooze (D:4)
  An adder skeleton (D:4)
  8 giant geckos (D:1 D:2 D:3 D:4)
  9 orcs (D:3 D:4 D:6)
  4 bats (D:1)
  2 bat zombies (D:4)
  9 giant cockroaches (D:1 D:2 D:3 D:4 D:5)
  11 hobgoblins (D:1 D:2 D:3 D:4)
  9 jackals (D:1)
  9 kobolds (D:1 D:2 D:3)
  2 quokkas (D:2 D:3)
  A ball python skeleton (D:3)
  6 giant newts (D:1 D:2)
  18 goblins (D:1 D:2 D:3 D:4)
  3 goblin zombies (Ossuary)
  2 hobgoblin zombies (Ossuary)
  A kobold zombie (Ossuary)
  2 orc zombies (Ossuary)
  10 rats (D:1 D:2 D:3)
  A rat zombie (D:4)
152 creatures vanquished.

Vanquished Creatures (others)
  A scorpion (Ossuary)
  A goblin zombie (Ossuary)
  A kobold zombie (Ossuary)
3 creatures vanquished.

Grand Total: 155 creatures vanquished

Notes
Turn   | Place    | Note
--------------------------------------------------------------
     0 | D:1      | l0ser140 the Kobold Enchanter began the quest for the Orb.
     0 | D:1      | Reached XP level 1. HP: 10/10 MP: 3/3
   238 | D:1      | Huge Dmg: 4 Dmg
   253 | D:1      | Huge Dmg: 1 Dmg
   253 | D:1      | Reached XP level 2. HP: 4/15 MP: 3/5
   266 | D:1      | Huge Dmg: 3 Dmg
   275 | D:1      | Huge Dmg: 1 Dmg
   680 | D:1      | Huge Dmg: 3 Dmg
   704 | D:1      | Huge Dmg: 2 Dmg
   953 | D:1      | Reached XP level 3. HP: 17/19 MP: 6/6
   958 | D:1      | Reached skill level 4 in Hexes
   962 | D:1      | Learned a level 2 spell: Ensorcelled Hibernation
  1221 | D:1      | Huge Dmg: 4 Dmg
  1288 | D:1      | Huge Dmg: 5 Dmg
  1402 | D:1      | Reached skill level 1 in Fighting
  1787 | D:2      | Reached XP level 4. HP: 25/25 MP: 7/7
  1839 | D:2      | Found a bloodstained altar of Trog.
  2102 | D:2      | Found a blossoming altar of Fedhas.
  2532 | D:3      | Reached XP level 5. HP: 30/30 MP: 1/8
  2551 | D:3      | Reached skill level 2 in Fighting
  2551 | D:3      | Reached skill level 5 in Hexes
  2595 | D:3      | Huge Dmg: 12 Dmg
  2739 | D:2      | Learned a level 3 spell: Confuse
  3497 | D:4      | Noticed Robin
  3597 | D:4      | Noticed Grinder
  3638 | D:4      | Found a sand-covered staircase.
  3643 | Ossuary  | Entered an ossuary
  3960 | Ossuary  | Reached skill level 1 in Ice Magic
  3960 | Ossuary  | Reached XP level 6. HP: 34/36 MP: 6/9
  4009 | Ossuary  | Huge Dmg: 9 Dmg
  4014 | Ossuary  | Reached skill level 3 in Fighting
  4024 | Ossuary  | Huge Dmg: 3 Dmg
  4026 | Ossuary  | Huge Dmg: 3 Dmg
  4506 | Ossuary  | Reached skill level 6 in Hexes
  4584 | Ossuary  | Huge Dmg: 6 Dmg
  4772 | Ossuary  | Reached skill level 3 in Dodging
  4772 | Ossuary  | Reached XP level 7. HP: 41/41 MP: 10/10
  4912 | Ossuary  | Huge Dmg: 10 Dmg
  5295 | Ossuary  | Reached skill level 7 in Hexes
  5516 | Ossuary  | Reached skill level 4 in Dodging
  5622 | Ossuary  | Reached XP level 8. HP: 31/46 MP: 0/11
  5869 | D:4      | Found an ancient bone altar of Kikubaaqudgha.
  5908 | D:4      | Killed Robin
  5947 | D:4      | Reached skill level 5 in Dodging
  6191 | D:4      | Reached skill level 8 in Hexes
  6418 | D:4      | Killed Grinder
  6418 | D:4      | Reached skill level 6 in Dodging
  6525 | D:5      | Entered Level 5 of the Dungeon
  6804 | D:6      | Found a stormy altar of Qazlal.
  7157 | D:6      | Reached XP level 9. HP: 42/50 MP: 9/12
  7239 | D:6      | Reached skill level 7 in Dodging
  7381 | D:6      | Huge Dmg: 8 Dmg
  7382 | D:6      | Huge Dmg: 11 Dmg
  7392 | D:6      | Huge Dmg: 8 Dmg
  7392 | D:6      | Killed from afar by a wight

Vault maps used:
D:1:      dpeg_arrival_refuge
D:2:      lightli_temple_of_fire, serial_curves, eino_curves_04, eino_curves_04,
          first_bread, st_stairs_13, fedhas_altar_fruit_tree
D:4:      lemuel_zombie_altar_kikubaaqudgha, enter_ossuary_2,
          corexii_item_surrounded_by_moat, hangedman_glass_teeth, uniq_robin,
          uniq_grinder
D:5:      minitemple, uniq_blork_the_orc
D:6:      nicolae_qazlal_general_emergency, minmay_temple_entry_poolview,
          uniq_menkaure
Ossuary:  ossuary_minmay_scorpions

Action                   |  1- 3 |  4- 6 |  7- 9 || total
-------------------------+-------+-------+-------++-------
Melee: Dagger            |   171 |   239 |   359 ||   769
 Cast: Corona            |     4 |     1 |       ||     5
       Ensorcelled Hiber |       |    14 |    11 ||    25
       Confuse           |       |    12 |    36 ||    48
  Use: Potion            |       |     1 |     4 ||     5
 Stab: Sleeping          |    11 |    16 |     9 ||    36
       Distracted        |     1 |     1 |     1 ||     3
       Confused          |       |     9 |    18 ||    27
  Eat: Chunk             |     3 |     8 |     7 ||    18
       Beef jerky        |       |     2 |       ||     2
       Meat ration       |       |       |     1 ||     1
       Pizza             |       |       |     1 ||     1

Vault maps used:
D:1:      dpeg_arrival_refuge
D:2:      lightli_temple_of_fire, serial_curves, eino_curves_04, eino_curves_04,
          first_bread, st_stairs_13, fedhas_altar_fruit_tree
D:4:      lemuel_zombie_altar_kikubaaqudgha, enter_ossuary_2,
          corexii_item_surrounded_by_moat, hangedman_glass_teeth, uniq_robin,
          uniq_grinder
D:5:      minitemple, uniq_blork_the_orc
D:6:      nicolae_qazlal_general_emergency, minmay_temple_entry_poolview,
          uniq_menkaure
Ossuary:  ossuary_minmay_scorpions
